 Dungeon Crawl Stone Soup version 0.28-a0-1524-ge72afd5fc6 (webtiles) character file.

Game seed: 10190543728822383325

28 knot the Chopper (level 3, 29/29 HPs)
             Began as a Demonspawn Berserker on Jan 18, 2022.
             Was a Follower of Trog.
             Quit the game on level 2 of the Dungeon.
             The game lasted 00:00:47 (1622 turns).

knot the Chopper (Demonspawn Berserker)             Turns: 1622, Time: 00:00:47

Health: 29/29      AC:  5    Str: 17    XL:     3   Next: 0%
Magic:  3/3        EV: 11    Int: 10    God:    Trog [*.....]
Gold:   97         SH:  0    Dex: 12    Spells: 2/2 levels left

rFire   . . .      SeeInvis .   a - +0 hand axe
rCold   . . .      Faith    .   (no shield)
rNeg    . . .      Spirit   .   c - +0 ring mail
rPois   +          Reflect  .   (helmet restricted)
rElec   .          Harm     .   (no cloak)
rCorr   .          Rampage  .   (no gloves)
Will    .....                   (no boots)
Stlth   +.........              (no amulet)
HPRegen 0.09/turn               h - ring of poison resistance
MPRegen 0.08/turn               (no ring)

@: no status effects
A: horns 1, foul stench 1
a: Renounce Religion, Berserk


You were on level 2 of the Dungeon.
You worshipped Trog.
Trog was aware of your devotion.
You visited 1 branch of the dungeon, and saw 2 of its levels.

You collected 97 gold pieces.

Inventory:

Hand Weapons
 a - a +0 hand axe (weapon)
Missiles
 b - 18 sling bullets
 e - 6 atropa-tipped darts (quivered)
 f - 23 stones
 g - 6 poisoned darts
Armour
 c - a +0 ring mail (worn)
Jewellery
 h - a ring of poison resistance (left hand)
Scrolls
 i - a scroll of identify {unknown}
Potions
 d - 3 potions of heal wounds {unknown}


   Skills:
 - Level 3.0 Fighting
 + Level 3.8 Axes
 - Level 1.7 Armour
 - Level 1.7 Dodging


You had 2 spell levels left.
You didn't know any spells.
Your spell library was empty.

Dungeon Overview and Level Annotations

Branches:
Dungeon (2/15)

Altars:


Innate Abilities, Weirdness & Mutations

You have a pair of small horns on your head.
You may rarely emit foul miasma when damaged in melee.


Message History

You see here a +0 mace.
Key pressed, stopping explore.
No target in view!
A hobgoblin comes into view.
The hobgoblin shouts!
The hobgoblin moves out of view.
i - a scroll labelled EVUIPH HEJIAT A hobgoblin is nearby!
You hit the hobgoblin but do no damage. The hobgoblin hits you.
You hit the hobgoblin.
The hobgoblin is almost dead.
The hobgoblin hits you. x2
You hit the hobgoblin.
You kill the hobgoblin!
Trog accepts your kill.
No target in view!
No target in view!
Found a faded altar of an unknown god.
Key pressed, stopping explore.
No target in view!
A frilled lizard comes into view.
The frilled lizard hisses angrily.
You hit the frilled lizard.
The frilled lizard is heavily wounded.
The frilled lizard bites you but does no damage. x2
You closely miss the frilled lizard.
Your headbutt misses the frilled lizard.
The frilled lizard is heavily wounded.
A frilled lizard comes into view.
The frilled lizard barely misses you.
The frilled lizard hisses angrily.
You hit the frilled lizard.
You kill the frilled lizard!
Trog accepts your kill.
You have reached level 3!
Your experience leads to an increase in your attributes!
Increase (S)trength, (I)ntelligence, or (D)exterity?
You feel clever. x2; Your demonic ancestry asserts itself...
You begin to emit a foul stench of rot and decay.
Are you sure you want to abandon this character and quit the game? (Confirm with "yes".)

#[#####.# #.##..
#.# #.# #.#<.. #
.# #.####.####
...#####....#.....
##..........######
##....♣...........
...♣....♣♣....##
♣♣l♣♣♣♣♣♣......#
♣.@♣...♣♣......#
♣♣♣.♣♣♣.♣♣.....#
♣..♣..♣♣♣.....#
♣♣♣♣..♣♣♣.....#
♣.♣.♣.♣.....###
♣♣♣_.♣.........
♣♣♣♣♣####.### .# #


You could see a frilled lizard.

Vanquished Creatures
  A worm (D:2)
  3 bats (D:1)
  An endoplasm (D:1)
  A giant cockroach (D:1)
  4 hobgoblins
  A jackal (D:1)
  A quokka (D:1)
  4 ball pythons
  4 frilled lizards
  A goblin (D:1)
  3 kobolds
24 creatures vanquished.

Notes
Turn   | Place    | Note
-------+----------+-------------------------------------------
     0 | D:1      | knot the Demonspawn Berserker began the quest for the Orb.
     0 | D:1      | Reached XP level 1. HP: 18/18 MP: 1/1
   412 | D:1      | Gained mutation: You have a pair of small horns on your
                  | head. [demonic ancestry]
   412 | D:1      | Reached XP level 2. HP: 24/24 MP: 2/2
  1602 | D:2      | Found a faded altar of an unknown god.
  1622 | D:2      | Gained mutation: You may rarely emit foul miasma when
                  | damaged in melee. [demonic ancestry]
  1622 | D:2      | Reached XP level 3. HP: 29/29 MP: 3/3
  1622 | D:2      | Quit the game

Illustrated notes

Levels and vault maps discovered:
D:1:      dpeg_arrival_brainrot, layout_basic, serial_bayou_crossing
D:2:      minmay_recursive_quarters, layout_basic,
          chequers_ecumenical_altar_grove

Skill      XL: |  1 |
---------------+----+-----
Axes           | 3 |  3.8
Fighting       | |  3.0
Armour         | |  1.7
Dodging        | |  1.7

Action                   || total
-------------------------++-------
Melee: Hand axe          ||    81
       Headbutt          ||     4
       Punch             ||     2
Armor: Ring mail         ||    26
       Animal skin       ||     1
Dodge: Dodged            ||    42

Table legend: (Time is in decaauts)
 A = Elapsed time spent in this place.
 B = Non-inter-level travel time spent in this place.
 C = Inter-level travel time spent in this place.
 D = Time resting spent in this place.
 E = Time spent auto-exploring this place.
 F = Levels seen in this place.
 G = Mean time per level.
                   A        B        C        D        E       F      G
               +--------+--------+--------+--------+--------+-----+--------+
         Total |   1640 |   1603 |     37 |      0 |   1423 |   2 |  820.0 |
       Dungeon |   1640 |   1603 |     37 |      0 |   1423 |   2 |  820.0 |
               +--------+--------+--------+--------+--------+-----+--------+

Top non-repeatable levels by time:
     D:1: 1209 daAuts
     D:2: 431 daAuts
